 Dungeon Crawl Stone Soup version 0.28-b1-70-g80dc712255 (webtiles) character file.

Game seed: 16143774316186524924

4 Prodoman the Magician (level 1, 0/13 HPs)
             Began as a Demonspawn Hedge Wizard on Feb 4, 2022.
             Constricted to death by a ball python (1 damage)
             ... on level 1 of the Dungeon.
             The game lasted 00:01:25 (117 turns).

Prodoman the Magician (Demonspawn Hedge Wizard)      Turns: 117, Time: 00:01:25

Health: 0/13       AC:  2    Str: 10    XL:     1   Next: 50%
Magic:  1/4        EV:  9    Int: 15    God:
Gold:   15         SH:  0    Dex: 12    Spells: 5/6 levels left

rFire   x . .      SeeInvis .   a - +0 dagger
rCold   + . .      Faith    .   (no shield)
rNeg    . . .      Spirit   .   b - +0 robe
rPois   .          Reflect  .   c - +0 hat
rElec   .          Harm     .   (no cloak)
rCorr   .          Rampage  .   (no gloves)
Will    .....                   (no boots)
Stlth   ++........              (no amulet)
HPRegen 0.04/turn               d - ring of ice
MPRegen 0.09/turn               (no ring)

@: constricted
A: no striking features
a: no special abilities


You were on level 1 of the Dungeon.
You visited 1 branch of the dungeon, and saw 1 of its levels.

You collected 15 gold pieces.

Inventory:

Hand Weapons
 a - a +0 dagger (weapon)
Armour
 b - a +0 robe (worn)
 c - a +0 hat (worn)
Jewellery
 d - a ring of ice (left hand)


   Skills:
 + Level 1.8 Dodging
 + Level 1.8 Stealth
 * Level 3.0 Spellcasting
 + Level 1.1 Conjurations
 - Level 1.0 Summonings
 - Level 0.9 Translocations


You had 5 spell levels left.
You knew the following spells:

 Your Spells              Type           Power      Damage    Failure   Level
a - Magic Dart            Conj           20%        1d4       13%         1

Your spell library contained the following spells:

 Spells                   Type           Power      Damage    Failure   Level
 Slow                     Hex            8%         N/A       21%         1
 Blink                    Tloc           10%        N/A       21%         2
 Call Imp                 Summ           5%         N/A       21%         2
 Conjure Flame            Conj/Fire      3%         6-21      43%         3
 Mephitic Cloud           Conj/Pois/Air  3%         N/A       45%         3


Dungeon Overview and Level Annotations

Branches:
Dungeon (1/15)

Altars:


Message History

You barely miss the ball python. The ball python barely misses you.
The ball python closely misses you.
Unknown command.
Hit: a) +0 dagger
Press: ? - help, Dir - move target, f/p - ball python
Aim: a ball python (about 42% to evade your +0 dagger)
You barely miss the ball python. The quokka closely misses you.
The ball python bites you. The ball python closely misses you.
The quokka closely misses you.
Hit: a) +0 dagger
Press: ? - help, Dir - move target, f/p - ball python
Aim: a ball python (about 42% to evade your +0 dagger)
You closely miss the ball python. The ball python bites you.
The ball python closely misses you. The quokka bites you.
Hit: a) +0 dagger
Press: ? - help, Dir - move target, f/p - ball python
Aim: a ball python (about 42% to evade your +0 dagger)
You barely miss the ball python.
The ball python bites you but does no damage.
The ball python grabs you. The ball python constricts you.
The quokka bites you. The ball python bites you.
* * * LOW HITPOINT WARNING * * *
The ball python constricts you.
Hit: a) +0 dagger
Press: ? - help, Dir - move target, f/p - ball python
Aim: a ball python (constricting you, about 42% to evade your +0 dagger)
You hit the ball python.
The ball python is heavily wounded.
The quokka closely misses you. The ball python bites you.
* * * LOW HITPOINT WARNING * * *
The ball python constricts you.
Hit: a) +0 dagger
Press: ? - help, Dir - move target, f/p - ball python
Aim: a ball python (heavily wounded, constricting you, about 42% to evade your +0 dagger)
You closely miss the ball python.
The ball python is heavily wounded.
The quokka barely misses you.
The ball python bites you but does no damage.
The ball python constricts you.
You die...

#..#.# .?# #..#.#
..# #....## ..#
#.#...#####..#
#...#........#
###...#####..#
#.....####..####.
#................
#.....#.#@S.....#
##......#.r..(...
#########.####.#
.# # .# .# .# .#


You could see a quokka and a ball python.

Vanquished Creatures
  2 endoplasms (D:1)
  A goblin (D:1)
3 creatures vanquished.

Notes
Turn   | Place    | Note
-------+----------+-------------------------------------------
     0 | D:1      | Prodoman the Demonspawn Hedge Wizard began the quest for
                  | the Orb.
     0 | D:1      | Reached XP level 1. HP: 13/13 MP: 4/4
   117 | D:1      | Constricted to death by a ball python

Illustrated notes

Levels and vault maps discovered:
D:1:      psy_arrival_fountain, layout_loops_ring

Action                   || total
-------------------------++-------
Melee: Dagger            ||    10
 Cast: Magic Dart        ||     5
Armor: Robe              ||     2
Dodge: Dodged            ||    13
